Map: 2000 Atmospheres LE

Players

koWyE - Winner!

  • Race: Zerg Zerg
  • League: Gold

caloo

  • Race: Protoss Protoss
  • League: Gold

VOD

Have the link to the VOD?

Description

An epic tale of civilizations struggling to survive in a ruthless war that begun with the cannon... rush?

Time

  • Played on: April 28, 2021, 3:40 p.m.
  • Length: 22:18
Show
View Real Time Build Order
Export as new Build Order

koWyE Zerg - Winner!

Build Orders: Hatch First, Ravager All-In, Roach Nydus 

Get SALT Encoding   

  12  0:00  Drone  
  13  0:12  Overlord  
  13  0:17  Drone  
  14  0:30  Drone x2  
  16  0:51  Hatchery  
  16  0:53  Drone  
  16  0:57  Drone  
  16  0:59  Drone  
  18  1:08  Extractor  
  17  1:17  Spawning Pool  
  16  1:26  Drone x2  
  18  2:10  Queen x2  
  18  2:14  Roach Warren  
  21  2:16  Overlord  
  21  2:17  Overlord  
  21  2:28  Extractor  
  21  2:29  Drone  
  21  3:00  Drone x3  
  24  3:06  Roach x3  
  30  3:20  Roach  
  30  3:21  Roach  
  34  3:31  Overlord x2  
  34  3:32  Overlord  
  34  3:45  Lair  
  34  4:01  Roach x4  
  42  4:22  Ravager x3  
  45  4:25  Drone  
  45  4:26  Drone  
  47  4:43  Ravager x2  
  49  5:03  Queen  
  49  5:04  Overlord  
  49  5:05  Overlord  
  51  5:12  Nydus Network  
  50  5:17  Zergling x2  
  50  5:18  Zergling x6  
  54  5:21  Overlord x2  
  54  5:52  Drone x3, Spine Crawler  
  54  5:54  Spine Crawler x2  
  54  5:59  Nydus Canal  
  51  6:15  Nydus Canal  
  44  6:45  Zergling x4  
  44  6:46  Zergling x14  
  53  7:07  Queen  
  54  7:18  Spore Crawler  
  48  7:35  Zergling x6  
  51  7:37  Metabolic Boost  
  51  7:39  Glial Reconstitution  
  51  7:43  Queen  
  50  8:03  Hatchery  
  49  8:22  Nydus Network  
  47  8:35  Zergling x6  
  44  9:00  Drone x3  
  47  9:03  Spine Crawler  
  47  9:06  Spine Crawler  
  34  9:24  Drone  
  34  9:31  Nydus Canal  
  35  9:32  Drone, Queen  
  35  9:53  Spore Crawler x2  
  35  9:55  Drone x2  
  35  9:56  Spore Crawler  
  31  10:20  Drone x3  
  34  10:28  Queen  
  36  11:00  Spore Crawler  
  36  11:01  Spore Crawler  
  36  11:03  Queen  
  34  11:31  Drone x6, Hydralisk Den  
  39  11:37  Extractor  
  37  11:40  Extractor  
  34  11:52  Zergling x6, Hatchery  
  34  11:53  Zergling x2  
  37  11:56  Zergling x2  
  36  12:16  Hatchery  
  27  12:37  Hydralisk  
  27  12:38  Hydralisk x2  
  33  12:53  Grooved Spines  
  33  13:02  Overlord x2  
  33  13:16  Hydralisk  
  33  13:17  Spawning Pool  
  34  13:31  Drone x6  
  40  14:03  Drone x2  
  40  14:04  Drone x4  
  46  14:22  Hydralisk x2  
  46  14:23  Hydralisk  
  52  14:25  Overlord  
  52  14:26  Overlord x3  
  52  14:47  Hydralisk x7  
  66  14:53  Evolution Chamber  
  66  14:55  Muscular Augments  
  65  15:01  Drone x3  
  65  15:03  Drone  
  65  15:04  Drone  
  70  15:16  Drone  
  71  15:26  Drone x4  
  71  15:27  Drone  
  77  15:35  Drone x4  
  77  15:37  Drone  
  77  15:39  Hatchery  
  80  16:00  Extractor  
  80  16:01  Extractor  
  78  16:09  Hydralisk  
  78  16:10  Hydralisk x2  
  84  16:14  Zerg Missile Weapons Level 1  
  84  16:15  Overlord x3  
  84  16:19  Evolution Chamber  
  84  16:22  Lair  
  83  16:39  Drone x6  
  89  16:48  Overlord x2  
  89  16:50  Pneumatized Carapace  
  89  16:58  Hydralisk x5  
  99  17:08  Spore Crawler  
  99  17:09  Spore Crawler  
  99  17:12  Spore Crawler x2  
  99  17:13  Hatchery  
  94  17:24  Overseer x2  
  94  17:42  Zerg Ground Armor Level 1  
  94  17:43  Hydralisk  
  94  17:44  Hydralisk x5  
  104  18:24  Hydralisk x2  
  104  18:25  Hydralisk x4  
  116  18:38  Drone x4  
  120  18:51  Hydralisk  
  120  18:52  Hydralisk x2  
  126  18:59  Drone x3  
  105  19:34  Hydralisk x3  
  105  19:35  Hydralisk x9  
  127  19:49  Extractor  
  126  19:54  Extractor  
  125  20:00  Overlord x3  
  125  20:01  Overseer  
  125  20:48  Overlord x3  
  125  20:59  Spore Crawler  
  124  21:09  Spore Crawler  
  123  21:12  Spore Crawler  
  123  21:13  Spore Crawler  
  119  21:28  Overlord x4  
  118  21:35  Overlord x4  
  118  21:36  Overlord  
  112  21:53  Hydralisk x4  
  112  21:54  Hydralisk x2  
Show
View Real Time Build Order
Export as new Build Order

caloo Protoss 

Build Orders: Cannon Rush 

Get SALT Encoding   

  12  0:01  Probe (Chrono Boost)  
  13  0:10  Probe (Chrono Boost)  
  14  0:15  Probe (Chrono Boost)  
  15  0:34  Pylon  
  15  0:52  Probe  
  16  1:03  Forge  
  16  1:04  Probe  
  16  1:11  Pylon  
  17  1:24  Pylon  
  17  1:38  Photon Cannon  
  17  1:41  Photon Cannon  
  17  1:43  Photon Cannon  
  17  1:46  Pylon  
  17  1:56  Photon Cannon  
  17  2:05  Photon Cannon  
  17  2:06  Photon Cannon  
  17  2:15  Gateway  
  17  2:17  Assimilator  
  17  2:21  Assimilator  
  17  3:03  Cybernetics Core  
  17  3:08  Photon Cannon  
  17  3:14  Probe, Photon Cannon  
  18  3:26  Probe  
  19  3:38  Probe  
  20  3:42  Robotics Facility  
  20  3:49  Shield Battery  
  20  3:50  Shield Battery  
  20  3:52  Shield Battery  
  20  3:59  Shield Battery  
  20  4:05  Shield Battery  
  20  4:07  Shield Battery  
  20  4:13  Protoss Shields Level 1 (Chrono Boost)  
  20  4:33  Immortal (Chrono Boost)  
  24  5:06  Observer  
  25  5:14  Nexus  
  25  5:18  Pylon  
  25  5:22  Probe  
  26  5:34  Probe  
  27  5:46  Probe  
  28  5:58  Probe  
  29  6:10  Probe  
  30  6:28  Stargate  
  30  6:29  Protoss Air Weapons Level 1  
  30  6:30  Stargate  
  31  6:33  Pylon  
  31  6:37  Pylon  
  31  6:39  Assimilator  
  31  6:43  Assimilator  
  27  7:36  Void Ray  
  31  7:56  Immortal  
  34  8:46  Protoss Air Armor Level 1 (Chrono Boost)  
  33  8:53  Shield Battery  
  33  8:54  Void Ray  
  28  8:59  Shield Battery  
  28  9:01  Probe  
  18  9:14  Probe  
  17  9:26  Probe  
  18  9:38  Probe  
  19  9:50  Probe  
  19  9:51  Void Ray (Chrono Boost)  
  20  10:03  Probe  
  25  10:15  Probe  
  26  11:35  Void Ray  
  30  11:47  Probe  
  31  11:59  Probe  
  32  12:11  Probe  
  33  12:23  Probe  
  33  12:26  Nexus  
  34  12:35  Probe  
  35  13:13  Pylon  
  35  13:15  Pylon  
  35  13:18  Probe  
  36  13:27  Void Ray  
  36  13:30  Probe  
  41  13:39  Probe  
  42  13:42  Probe  
  43  13:55  Probe  
  45  13:58  Stargate  
  45  14:00  Probe  
  45  14:07  Probe  
  46  14:12  Probe  
  46  14:14  Void Ray  
  51  14:35  Probe x2  
  53  15:07  Fleet Beacon  
  53  15:09  Probe  
  53  15:10  Probe, Assimilator  
  53  15:12  Assimilator  
  55  15:26  Phoenix x2  
  55  15:48  Pylon  
  55  15:49  Probe  
  56  16:00  Forge  
  56  16:01  Probe  
  57  16:05  Flux Vanes  
  57  16:07  Phoenix  
  59  16:26  Phoenix  
  61  16:41  Probe  
  61  16:43  Probe  
  63  16:53  Probe  
  64  16:55  Probe  
  65  17:07  Probe  
  66  17:18  Phoenix x2  
  70  17:28  Pylon, Probe, Twilight Council  
  70  17:29  Pylon  
  71  17:40  Probe  
  71  17:43  Phoenix  
  74  17:45  Stargate  
  70  18:02  Shield Battery  
  70  18:05  Shield Battery  
  70  18:06  Photon Cannon  
  70  18:09  Photon Cannon x2  
  36  18:34  Carrier (Chrono Boost)  
  36  18:38  Carrier (Chrono Boost)  
  45  19:35  Pylon  
  33  19:56  Nexus  
  30  20:00  Pylon  
  13  20:47  Dark Shrine  
  7  21:56  Gateway  
  7  21:58  Gateway  
  7  22:00  Probe  
Tags
 
Add a new tag
Caveats
  • Supply blocks, unpowered buildings, or Contaminate may cause inaccurate times.
  • Supply counts are checked every 10 seconds.